AoeStats
← Rien

Arabia

509664260Analyzed
4v4 RM · 5d ago on Sep 27, 2026· 52m 3s· 8 players
Game mode
Random Map
Map size
Large (8 player)
Population
200
Speed
Normal
Resources
Standard
Victory
Conquest
Starting age
Dark Age
Ending age
Imperial Age
RankedLock teamsTeams togetherTeam positionsShared explorationLock speedFull tech treeHidden civsTurbo modeCheats
Victory
Defeat
🇪🇸 Malians · Spain
844
+9
🇹🇼 Saxons · Taiwan
764
+12
🇨🇱 Varangians · Chile
640
+16
🇺🇸 Magyars · United States
589
+18
🇩🇪 Hindustanis · Germany
722
-16
🇮🇹 Bohemians · Italy
719
-16
🇫🇷 Britons · France
615
-12
🇫🇷 Franks · France
602
-11
Rien
2:04 Loom
11:50 Feudal Age
12:04 Man-at-Arms
13:48 Wheelbarrow
18:44 Horse Collar
18:52 Double-Bit Axe
25:31 Castle Age
24:59 Scale Mail Armor
25:15 Padded Archer Armor
25:05 Fletching
25:55 Gold Mining
28:02 Bow Saw
27:44 Town Watch
29:54 Bodkin Arrow
30:43 Crossbowman
31:41 Hand Cart
32:49 Leather Archer Armor
32:47 Guard Tower
34:00 Ballistics
34:23 Stone Mining
35:48 Gold Shaft Mining
35:17 Town Patrol
35:45 Murder Holes
36:01 Masonry
37:24 Caravan
38:07 Heated Shot
38:29 Fortified Wall
39:49 Treadmill Crane
49:54 Imperial Age
Lise al Gaib
13:01 Feudal Age
20:31 Forging
20:12 Fletching
22:34 Castle Age
23:20 Husbandry
23:38 Forging
35:15 Caravan
35:55 Iron Casting
44:39 Imperial Age
43:08 Husbandry
44:59 Cavalier
47:01 Ballistics
46:37 Murder Holes
47:43 Chemistry
48:36 Blast Furnace
48:02 Conscription
DogeDogOfVenice
0:36 Loom
1:39 Loom
11:26 Feudal Age
12:29 Double-Bit Axe
13:56 Wheelbarrow
13:31 Town Watch
17:05 Horse Collar
29:18 Castle Age
28:28 Padded Archer Armor
28:19 Fletching
28:30 Scale Mail Armor
28:41 Forging
28:37 Scale Barding Armor
30:21 Hand Cart
30:26 Bow Saw
31:00 Crossbowman
31:45 Squires
31:18 Pikeman
32:31 Chain Mail Armor
34:30 Iron Casting
Tunnes
K1NGlogman
8:13 Loom
10:39 Feudal Age
15:00 Double-Bit Axe
25:41 Castle Age
24:11 Scale Barding Armor
25:30 Bloodlines
27:09 Light Cavalry
27:53 Husbandry
30:38 Bow Saw
43:15 Chain Barding Armor
42:54 Stone Mining
45:02 Horse Collar
46:22 Heavy Plow
48:40 Corvinian Army
51:46 Imperial Age
jesusmorata89
3:34 Loom
13:02 Feudal Age
17:07 Castle Age
16:44 Forging
16:18 Horse Collar
16:29 Double-Bit Axe
16:40 Stone Mining
16:53 Gold Mining
16:54 Town Watch
19:33 Gold Shaft Mining
19:10 Bow Saw
19:39 Heavy Plow
20:39 Fletching
22:31 Wheelbarrow
27:50 Imperial Age
26:50 Stone Shaft Mining
26:40 Ballistics
26:44 Scale Mail Armor
28:17 Iron Casting
28:50 Hand Cart
29:05 Hand Cart
29:40 Elite Gbeto
30:38 Squires
30:24 Arson
32:01 Chain Mail Armor
33:01 Conscription
33:39 Plate Mail Armor
37:30 Town Patrol
48:57 Chemistry
48:37 Crop Rotation
49:06 Spies/Treason
moraa.rodrigoo20
13:34 Feudal Age
18:50 Castle Age
17:13 Double-Bit Axe
18:28 Horse Collar
19:55 Bow Saw
21:10 Gambesons
21:25 Squires
24:00 Arson
24:00 Pikeman
25:18 Bow Saw
27:31 Heavy Plow
31:29 Wheelbarrow
35:10 Imperial Age
33:53 Scale Barding Armor
33:31 Treadmill Crane
33:42 Heated Shot
35:12 Hand Cart
34:43 Town Watch
35:37 Chain Barding Armor
35:50 Light Cavalry
36:40 Bloodlines
36:31 Husbandry
37:13 Crop Rotation
37:16 Elite Jarl
39:17 Two-Man Saw
38:35 Vendel Legacy
39:29 Hussar
42:42 Plate Barding Armor
42:09 Scale Mail Armor
42:20 Forging
42:12 Halberdier
45:32 Chain Mail Armor
45:52 Iron Casting
46:20 Masonry
46:32 Ballistics
49:04 Elite Varangian Guard
50:28 Town Patrol
50:16 Loom
50:13 Gothikon
51:16 Spies/Treason
52:16 Conscription
53:01 Chemistry
52:12 Fortified Wall
51:58 Murder Holes
51:58 Guard Tower
Uruz_7
5:32 Loom
10:44 Feudal Age
11:26 Double-Bit Axe
18:59 Castle Age
18:55 Scale Mail Armor
19:16 Arson
21:25 Squires
23:21 Gambesons
24:58 Forging
29:56 Iron Casting
36:55 Wheelbarrow
36:14 Gold Mining
36:49 Horse Collar
40:13 Imperial Age
39:33 Chain Mail Armor
40:19 Elite Varangian Guard
41:14 Stone Mining
42:41 Conscription
43:50 Plate Mail Armor
46:14 Capped Ram
Connection lost

Rejoining the realm…

Still unreachable

The connection could not be restored.

Session expired

The server has moved on; the page needs a fresh start.